 Dungeon Crawl Stone Soup version 0.28-a0-662-g1651b1f1e0 (webtiles) character file.

Game seed: 2945668112141023448

182 ytrimaz the Sneak (level 5, 0/35 HPs)
             Began as an Octopode Brigand on Oct 15, 2021.
             Splashed by a jelly's acid (10 damage)
             ... on level 4 of the Dungeon.
             The game lasted 00:03:49 (3674 turns).

ytrimaz the Sneak (Octopode Brigand)                Turns: 3674, Time: 00:03:49

Health: 0/35       AC:  1    Str: 11    XL:     5   Next: 62%
Magic:  5/5        EV: 12    Int: 13    God:
Gold:   74         SH:  3    Dex: 14    Spells: 4/4 levels left

rFire   . . .      SeeInvis .   a - +2 dagger
rCold   . . .      Faith    .   h - +0 buckler
rNeg    . . .      Spirit   .   (helmet restricted)
rPois   .          Reflect  .   (no amulet)
rElec   .          Harm     .   (no ring)
rCorr   .          Rampage  .   (no ring)
Will    .....                   (no ring)
Stlth   +++++.....              (no ring)
HPRegen 0.11/turn               (no ring)
MPRegen 0.09/turn               (no ring)
                                (no ring)
                                (no ring)

@: no status effects
A: almost no armour, amphibious, 8 rings, camouflage 1, gelatinous body 1,
(nimble swimmer 1), tentacles
a: no special abilities


You were on level 4 of the Dungeon.
You visited 1 branch of the dungeon, and saw 4 of its levels.

You collected 74 gold pieces.

Inventory:

Hand Weapons
 a - a +2 dagger (weapon)
Missiles
 b - 5 poisoned darts (quivered)
 c - 2 curare-tipped darts
Armour
 h - a +0 buckler (worn)
Wands
 j - a wand of flame (48)
Scrolls
 f - 2 scrolls of fear {unknown}
Potions
 d - a potion of haste {unknown}
 e - 2 potions of heal wounds {unknown}
 g - a potion of invisibility {unknown}


   Skills:
 + Level 2.5 Fighting
 + Level 3.2 Short Blades
 * Level 2.9 Throwing
 - Level 1.0 Dodging
 + Level 7.4 Stealth
 * Level 0.3 Shields


You had 4 spell levels left.
You didn't know any spells.
Your spell library was empty.

Dungeon Overview and Level Annotations

Branches:
Dungeon (4/15)
 Temple: D:4-7

Altars:
Makhleb
Sif Muna

Shops:
D:2 :


Innate Abilities, Weirdness & Mutations

You cannot wear most types of armour.
You are amphibious.
You can wear up to eight rings at the same time.
Your skin changes colour to match your surroundings (Stealth+).
Your rubbery body absorbs attacks. (AC +1, EV +1)
((You are camouflaged near water. (Stealth+)))
You have tentacles for arms and can constrict up to eight enemies at once.


Message History

The adder is heavily wounded.
You constrict the adder. The adder closely misses you. The adder misses you.
You hit the adder. You squeeze the adder.
You kill the adder!
Things that are here:
a +0 hunting sling; a giant cockroach corpse The goblin shouts!
You hear a shout!
There are monsters nearby!
A jelly comes into view.
You hit the goblin but do no damage. You grab the goblin.
You constrict the goblin. The goblin misses you.
You hit the goblin.
You kill the goblin!
You closely miss the hound skeleton. Your grab misses the hound skeleton.
The hound skeleton bites you.
You hit the hound skeleton. Your grab misses the hound skeleton.
You squeeze the hound skeleton!
The hound skeleton is severely damaged.
The hound skeleton misses you.
You hit the hound skeleton. You grab the hound skeleton.
The hound skeleton is severely damaged.
You constrict the hound skeleton. The hound skeleton misses you.
The hound skeleton barely misses you.
You hit the hound skeleton.
You destroy the hound skeleton!
You hit the jelly.
Your tentacles burn!
The jelly is lightly wounded.
A scorpion comes into view.
The jelly completely misses you.
You hit the jelly but do no damage.
Your tentacles burn!
The jelly is lightly wounded.
The jelly hits you.
You are splashed with acid!
You hit the jelly.
Your tentacles burn!
The jelly is heavily wounded.
You hit the jelly but do no damage.
Your tentacles burn!
The jelly is heavily wounded.
The jelly hits you.
* * * LOW HITPOINT WARNING * * *
You are splashed with acid!
You die...

###########
#..........
#........K.
#..........
#.s...J....
###J#####.$#
#..@# #.###
#)## #..####
##....#
####.# #<#
#.# #..


You could see a scorpion and a jelly.

Vanquished Creatures
  Terence (D:3)
  A hound skeleton (D:4)
  Robin (D:2)
  A gnoll (D:2)
  5 adders
  2 worms (D:2)
  3 dart slugs
  2 orcs
  2 ball pythons (D:2)
  5 endoplasms
  2 giant cockroaches
  15 goblins
  6 hobgoblins
  6 jackals
  A quokka (D:1)
  5 bats
  2 frilled lizards
  A jackal skeleton (D:4)
  2 rats (D:3)
63 creatures vanquished.

Notes
Turn   | Place    | Note
-------+----------+-------------------------------------------
     0 | D:1      | ytrimaz the Octopode Brigand began the quest for the Orb.
     0 | D:1      | Reached XP level 1. HP: 14/14 MP: 1/1
    45 | D:1      | Reached XP level 2. HP: 19/19 MP: 2/2
   493 | D:1      | Reached skill level 6 in Stealth
   600 | D:2      | Found a faded altar of an unknown god.
   612 | D:2      | Reached XP level 3. HP: 6/24 MP: 3/3
  1175 | D:2      | Found Uwnom's Book Boutique.
  1274 | D:2      | Noticed Robin
  1561 | D:2      | Killed Robin
  1809 | D:2      | Reached XP level 4. HP: 29/29 MP: 4/4
  2983 | D:3      | Reached skill level 7 in Stealth
  3121 | D:3      | Found a burning altar of Makhleb.
  3275 | D:3      | Noticed Terence
  3287 | D:3      | Killed Terence
  3288 | D:3      | Reached XP level 5. HP: 35/35 MP: 5/5
  3472 | D:3      | Found a shimmering blue altar of Sif Muna.
  3674 | D:4      | Splashed by a jelly's acid

Illustrated notes

Levels and vault maps discovered:
D:1:      minmay_arrival_three_doors, layout_rooms
D:2:      minmay_wonky_spiral, layout_basic, serial_shops, shop,
          hellmonk_ecumenical_altar_lost_god, roderic_lattice_a, st_stairs_6,
          grunt_ministairs_9, uniq_robin
D:3:      layout_basic, led_sif_pool, mainiacjoe_overflow_alcove_4, uniq_terence
D:4:      layout_rooms, gammafunk_ghost_cemetery, uniq_eustachio

Skill      XL: |  1  2  3  4 |
---------------+-------------+-----
Stealth        | 6 7 |  7.4
Short Blades   | 3 |  3.2
Fighting       | |  2.5
Throwing       | |  2.9
Dodging        | |  1.0
Shields        | |  0.3

Action                   |  1- 3 |  4- 6 || total
-------------------------+-------+-------++-------
Melee: Dagger            |    66 |    69 ||   135
       Constrict         |    13 |    11 ||    24
       Tentacles         |     7 |     5 ||    12
Throw: Dart              |     4 |     6 ||    10
  Use: Scroll            |       |     4 ||     4
 Stab: Sleeping          |    11 |    15 ||    26
Armor: Skin              |     4 |     1 ||     5
Dodge: Dodged            |    40 |    25 ||    65

Table legend: (Time is in decaauts)
 A = Elapsed time spent in this place.
 B = Non-inter-level travel time spent in this place.
 C = Inter-level travel time spent in this place.
 D = Time resting spent in this place.
 E = Time spent auto-exploring this place.
 F = Levels seen in this place.
 G = Mean time per level.
                   A        B        C        D        E       F      G
               +--------+--------+--------+--------+--------+-----+--------+
         Total |   3658 |   3593 |     65 |    901 |   2111 |   4 |  914.5 |
       Dungeon |   3658 |   3593 |     65 |    901 |   2111 |   4 |  914.5 |
               +--------+--------+--------+--------+--------+-----+--------+

Top non-repeatable levels by time:
     D:2: 1982 daAuts
     D:1: 983 daAuts
     D:3: 648 daAuts
     D:4: 43 daAuts
